 Dungeon Crawl Stone Soup version 0.28.0-53-g5a82cb258f (webtiles) character file.

Game seed: 11967353890567887619

1469 Plasmagod the Cleaver (level 8, -1/71 HPs)
             Began as a Minotaur Fighter on July 18, 2022.
             Was an Initiate of Okawaru.
             Slain by Maggie
             ... wielding a +2 broad axe of venom
              (6 damage)
             ... on level 6 of the Dungeon.
             The game lasted 00:10:05 (5432 turns).

Plasmagod the Cleaver (Minotaur Fighter)            Turns: 5432, Time: 00:10:06

Health: -1/71      AC: 13    Str: 23 (24) XL:     8   Next: 49%
Magic:  7/7        EV: 10    Int:  2 (5)  God:    Okawaru [......]
Gold:   351        SH:  5    Dex: 15 (18) Spells: 7/7 levels left

rFire   . . .      SeeInvis .   v - +5 whip "Gopion" {vorpal, Fly rCorr Str+4 Dex+5}
rCold   . . .      Faith    .   c - +0 buckler
rNeg    . . .      Spirit   .   b - +0 scale mail
rPois   .          Reflect  .   (helmet restricted)
rElec   .          Harm     .   z - +2 cloak
rCorr   +          Rampage  .   o - +0 pair of gloves
Will    .....                   m - +0 pair of boots
Stlth   ..........              (no amulet)
HPRegen 0.21/turn               (no ring)
MPRegen 0.10/turn               (no ring)

@: lethally poisoned (-1 -> -21), flying, mesmerised
A: horns 2, retaliatory headbutt
a: Renounce Religion


You were on level 6 of the Dungeon.
You worshipped Okawaru.
Okawaru was noncommittal.
You visited 2 branches of the dungeon, and saw 7 of its levels.
You also visited: Sewer.

You collected 351 gold pieces.

Inventory:

Hand Weapons
 a - a +0 war axe
 v - the +5 whip "Gopion" (weapon) {vorpal, Fly rCorr Str+4 Dex+5}
   (You found it on level 5 of the Dungeon)

   It inflicts extra damage upon your enemies.
   Str:       It affects your strength (+4).
   Dex:       It affects your dexterity (+5).
   Fly:       It grants you flight.
   rCorr:     It protects you from acid and corrosion.
Armour
 b - a +0 scale mail (worn)
 c - a +0 buckler (worn)
 m - a +0 pair of boots (worn)
 o - a +0 pair of gloves (worn)
 z - a +2 cloak (worn)
Wands
 w - a wand of flame (28)
Scrolls
 e - a scroll of fear {unknown}
 g - 3 scrolls of magic mapping {unknown}
 h - 9 scrolls of identify {unknown}
 i - 3 scrolls of teleportation {unknown}
 k - a scroll of enchant armour {unknown}
 l - a scroll of blinking {unknown}
 n - a scroll of noise {unknown}
 t - a scroll of amnesia {unknown}
 y - a scroll of silence {unknown}
Potions
 d - 3 potions of might
 f - 5 potions of curing {unknown}
 j - a potion of resistance {unknown}
 p - 2 potions of brilliance {unknown}
 q - 2 potions of berserk rage
 r - 2 potions of degeneration
 s - 2 potions of heal wounds {unknown}
 u - a potion of haste {unknown}
 x - a potion of flight {unknown}


   Skills:
 + Level 6.3 Fighting
 + Level 8.0(8.6) Axes
 * Level 4.8(7.0) Maces & Flails
 + Level 6.3 Armour
 + Level 2.3 Dodging
 + Level 0.5 Stealth
 + Level 5.0 Shields


You had 7 spell levels left.
You didn't know any spells.
Your spell library contained the following spells:

 Spells                   Type           Power      Damage    Failure   Level
 Magic Dart               Conj           0%         1d3       89%         1
 Mephitic Cloud           Conj/Pois/Air  0%         N/A       99%         3
 Fulminant Prism          Conj/Hex       0%         3d6       100%        4
 Iskenderun's Mystic Bla  Conj/Tloc      0%         2d3       100%        4
 Lee's Rapid Deconstruct  Erth           0%         3d5*      100%        5
 Call Imp                 Summ           Unusable   N/A       N/A         2

Dungeon Overview and Level Annotations

Branches:
Dungeon (6/15)             Temple (1/1) D:6           Sewer (visited)

Altars:
Dithmenos
Fedhas
Gozag
Kikubaaqudgha
Makhleb
Nemelex Xobeh
Okawaru
Qazlal
Ru
Sif Muna
Uskayaw
Vehumet
Wu Jian
Xom
Yredelemnul
Zin
The Shining One

Annotations:
D:6 Maggie


Innate Abilities, Weirdness & Mutations

You have a pair of horns on your head.
You reflexively headbutt those who attack you in melee.


Message History

You whack Maggie!
Maggie is heavily wounded.
Maggie hits you with a +2 broad axe of venom.
You are poisoned.
You hit Maggie.
Maggie is heavily wounded.
You feel sick.
You completely miss Maggie.
Maggie is heavily wounded.
You feel sick.
Maggie hits you with a +2 broad axe of venom.
You hit Maggie.
Maggie is heavily wounded.
You feel sick. Maggie closely misses you.
You closely miss Maggie. Your headbutt misses Maggie.
Maggie is heavily wounded.
You feel sick.
Maggie hits you with a +2 broad axe of venom!
You are more poisoned.
You hit Maggie.
Maggie is severely wounded.
You feel very sick.
You hit Maggie.
Maggie is severely wounded.
You feel very sick.
Maggie hits you with a +2 broad axe of venom.
You are more poisoned.
You barely miss Maggie.
Maggie is severely wounded.
You feel extremely sick. Maggie casts a spell at you.
The bolt of fire hits you!!
* * * LOW HITPOINT WARNING * * *
It was a potion of degeneration.
There was something very wrong with that liquid.
You feel weakened.
You feel dopey.
You feel clumsy.
* * * LOW HITPOINT WARNING * * *
You feel very sick.
Maggie hits you with a +2 broad axe of venom.
You die...

########### #.........#
#.######.## #.# #)#
###+######.#
#..........###########
##............@@s.....#
#........)..####.....##
#...........# #.....#
##.#######...# #.....#
#.......##...# #.....#
##.......##..(#
#.......
.........######
#......## #........#
####...# #...######


You could see Maggie (mesmerising) and a scorpion.

Vanquished Creatures
  Pikel (D:6)
  Duvessa (D:6)
  A water moccasin (D:4)
  Pargi (Sewer)
  2 ogres
  Dowan (D:6)
  A howler monkey (D:5)
  A hound (D:5)
  2 jellies
  2 orc wizards
  A hound zombie (D:5)
  2 hound skeletons
  Robin (D:3)
  4 gnolls (D:4)
  A howler monkey skeleton (D:4)
  8 adders
  A river rat (D:3)
  A shadow imp (D:5)
  An ufetubus (D:5)
  2 adder skeletons
  A worm (D:3)
  A dart slug (D:3)
  17 orcs
  9 endoplasms
  3 giant cockroaches
  21 goblins
  17 hobgoblins
  9 jackals (D:3)
  2 quokkas
  6 ball pythons
  7 bats
  4 frilled lizards
  2 kobolds
  5 rats
139 creatures vanquished.

Vanquished Creatures (others)
  3 plants (D:2)
3 creatures vanquished.

Grand Total: 142 creatures vanquished

Notes
Turn   | Place    | Note
-------+----------+-------------------------------------------
     0 | D:1      | Plasmagod the Minotaur Fighter began the quest for the Orb.
     0 | D:1      | Reached XP level 1. HP: 19/19 MP: 0/0
   280 | D:1      | Reached XP level 2. HP: 27/27 MP: 1/1
   907 | D:2      | Reached XP level 3. HP: 34/34 MP: 2/2
  1120 | D:2      | Reached skill level 3 in Axes
  1142 | D:2      | Found a faded altar of an unknown god.
  1621 | D:3      | Reached XP level 4. HP: 36/41 MP: 3/3
  1700 | D:3      | Found a shadowy altar of Dithmenos.
  1759 | D:3      | Found a glowing drain.
  1764 | D:3      | Reached skill level 4 in Axes
  1783 | Sewer    | Entered a sewer
  1850 | Sewer    | Noticed Pargi
  1859 | Sewer    | Killed Pargi
  1860 | Sewer    | Reached skill level 5 in Fighting
  1860 | Sewer    | Reached XP level 5. HP: 38/48 MP: 4/4
  2110 | D:3      | Reached skill level 5 in Axes
  2408 | D:3      | Reached skill level 1 in Dodging
  2584 | D:3      | Reached XP level 6. HP: 42/56 MP: 5/5
  2693 | D:3      | Noticed Robin
  2716 | D:3      | Killed Robin
  3153 | D:4      | Noticed a water moccasin
  3161 | D:4      | Killed a water moccasin
  3162 | D:4      | Reached skill level 5 in Armour
  3314 | D:4      | Reached skill level 6 in Axes
  3570 | D:4      | Reached XP level 7. HP: 42/61 MP: 6/6
  4153 | D:5      | Entered Level 5 of the Dungeon
  4198 | D:5      | Identified the +5 whip "Gopion" {vorpal, Fly rCorr Str+4
                  | Dex+5}
  4469 | D:5      | Reached skill level 7 in Axes
  4469 | D:5      | Reached skill level 1 in Maces & Flails
  4937 | D:5      | Found a stormy altar of Qazlal.
  5017 | D:6      | Noticed Pikel
  5026 | D:6      | Killed Pikel
  5027 | D:6      | Reached XP level 8. HP: 60/70 MP: 7/7
  5112 | D:6      | Found a staircase to the Ecumenical Temple.
  5124 | Temple   | Entered the Ecumenical Temple
  5208 | Temple   | Became a worshipper of Warmaster Okawaru
  5269 | D:6      | Noticed Duvessa
  5269 | D:6      | Noticed Dowan
  5279 | D:6      | Killed Duvessa
  5280 | D:6      | Reached skill level 5 in Shields
  5286 | D:6      | Killed Dowan
  5287 | D:6      | Reached skill level 8 in Axes
  5416 | D:6      | Noticed Maggie
  5432 | D:6      | Slain by Maggie

Illustrated notes

Levels and vault maps discovered:
D:1:      dpeg_arrival_castle, layout_loops_ring
D:2:      layout_basic, serial_forest, infiniplex_forest_end_1,
          infiniplex_forest_end_2, infiniplex_forest_zigzag_1,
          infiniplex_forest_lined_corner, infiniplex_forest_lined_room_3,
          infiniplex_forest_clump_cross, shapermc_ecumenical_altar_notcrosses,
          minmay_unequal
D:3:      kennysheep_goblin_castle, layout_rooms,
          nicolae_dithmenos_through_a_glass_darkly, lightli_sewer_entry_pipes
D:4:      minmay_wonky_spiral, layout_rooms, kennysheep_nub
D:5:      layout_gridville, nicolae_qazlal_eye_of_the_storm,
          palyth_stone_intersect
D:6:      layout_basic, lemuel_round_altar, temple_fountains,
          kennysheep_generic_room_14, uniq_prince_ribbit1, uniq_maggie,
          uniq_crazy_yiuf_cottage, uniq_pikel, uniq_duvessa
Temple:   eino_wide_crystal_templ

Skill      XL: |  1  2  3  4  5  6  7  8 |
---------------+-------------------------+-----
Fighting       | 4 5 6 |  6.3
Armour         | 4 5 6 |  6.3
Axes           | 3 4 5 6 7 8 |  8.0
Shields        | 4 5 |  5.0
Dodging        | 1 2 |  2.3
Maces & Flails | 4 |  4.8
Stealth        | |  0.5

Action                   |  1- 3 |  4- 6 |  7- 9 || total
-------------------------+-------+-------+-------++-------
Melee: War axe           |    51 |   148 |    22 ||   221
       Headbutt          |     6 |    19 |    12 ||    37
       Whip              |       |       |    56 ||    56
  Use: Potion            |       |       |     1 ||     1
Armor: Scale mail        |    21 |   103 |    15 ||   139
Dodge: Dodged            |    30 |    96 |    16 ||   142
Block: Buckler           |    10 |    56 |    22 ||    88
